 Dungeon Crawl Stone Soup version 0.28.0 (webtiles) character file.

Game seed: 13351626701158363490

96 Ayyar the Grasshopper (level 4, 0/38 HPs)
             Began as a Gnoll Warper on Feb 18, 2022.
             Killed from afar by an orc wizard (9 damage)
             ... with a puff of flame
             ... on level 3 of the Dungeon.
             The game lasted 00:06:09 (2498 turns).

Ayyar the Grasshopper (Gnoll Warper)                Turns: 2498, Time: 00:06:10

Health: 0/38       AC:  4    Str: 12    XL:     4   Next: 67%
Magic:  11/11      EV: 13    Int: 17    God:
Gold:   47         SH:  0    Dex: 11    Spells: 13/13 levels left

rFire   . . .      SeeInvis .   a - +0 mace
rCold   + . .      Faith    .   (no shield)
rNeg    . . .      Spirit   .   o - +2 robe "Tinkuteo" {+Inv rC+ Int+4}
rPois   .          Reflect  .   (no helmet)
rElec   .          Harm     .   (no cloak)
rCorr   +          Rampage  .   (no gloves)
Will    .....                   (no boots)
Stlth   ++........              (no amulet)
HPRegen 0.12/turn               j - ring of resist corrosion
MPRegen 0.12/turn               (no ring)

@: no status effects
A: fangs 1, strong nose, distributed training
a: Evoke Invisibility


You were on level 3 of the Dungeon.
You visited 1 branch of the dungeon, and saw 3 of its levels.

You collected 47 gold pieces.

Inventory:

Hand Weapons
 a - a +0 mace (weapon)
Missiles
 d - 5 boomerangs of dispersal
 g - 5 poisoned darts (quivered)
Armour
 o - the +2 robe "Tinkuteo" (worn) {+Inv rC+ Int+4}
   (You found it on level 2 of the Dungeon)

   Int:       It affects your intelligence (+4).
   rC:        It protects you from cold.
   +Inv:      It lets you turn invisible.
Magical Staves
 h - a staff of poison
Jewellery
 f - a ring of magical power
 j - a ring of resist corrosion (left hand)
Scrolls
 b - a scroll of enchant weapon {unknown}
 c - 2 scrolls of blinking
 e - a scroll of summoning {unknown}
 i - a scroll of noise {unknown}
 m - a scroll of fear {unknown}
 p - a scroll of identify {unknown}
 q - a scroll of amnesia {unknown}
Potions
 k - a potion of cancellation {unknown}
 l - a potion of degeneration {unknown}
 n - 2 potions of haste {unknown}
 r - a potion of curing {unknown}


   Skills:
 + Level 4.7 Fighting
 + Level 1.2 Short Blades
 + Level 1.2 Long Blades
 + Level 1.2 Axes
 + Level 4.7 Maces & Flails
 + Level 1.2 Polearms
 + Level 1.2 Staves
 + Level 1.2 Slings
 + Level 1.2 Bows
 + Level 1.2 Crossbows
 + Level 2.8 Throwing
 + Level 2.8 Armour
 + Level 4.7 Dodging
 + Level 1.2 Stealth
 + Level 1.2 Shields
 + Level 1.2 Unarmed Combat
 + Level 5.1 Spellcasting
 + Level 1.0 Conjurations
 + Level 1.0 Hexes
 + Level 1.0 Summonings
 + Level 1.0 Necromancy
 + Level 5.5 Translocations
 + Level 1.0 Transmutations
 + Level 1.0 Fire Magic
 + Level 1.0 Ice Magic
 + Level 1.0 Air Magic
 + Level 1.0 Earth Magic
 + Level 1.0 Poison Magic
 + Level 1.3 Invocations
 + Level 1.2 Evocations


You had 13 spell levels left.
You didn't know any spells.
Your spell library contained the following spells:

 Spells                   Type           Power      Damage    Failure   Level
 Blink                    Tloc           46%        N/A       2%          2
 Gell's Gravitas          Tloc           23%        N/A       4%          3
 Lesser Beckoning         Tloc           23%        N/A       4%          3
 Teleport Other           Tloc           23%        N/A       4%          3
 Manifold Assault         Tloc           23%        N/A       38%         5


Dungeon Overview and Level Annotations

Branches:
Dungeon (3/15)

Altars:


Innate Abilities, Weirdness & Mutations

You have very sharp teeth.
Your uncanny sense of smell can sniff out nearby items.
Your experience applies equally to all skills.


Message History

The orc priest is lightly wounded.
The orc priest hits you but does no damage.
Something hits you.
The orc priest invokes the aid of Beogh against you.
You barely resist.
You hit the orc priest but do no damage.
The orc priest is lightly wounded.
The orc priest completely misses you. Something hits you.
You thump the orc priest!
The orc priest is severely wounded.
The orc priest misses you. Something barely misses you.
You hit the orc priest.
You kill the orc priest!
Something hits you but does no damage.
Your Conjurations skill increases to level 1!
Your Hexes skill increases to level 1!
Your Summonings skill increases to level 1!
Your Necromancy skill increases to level 1!
Your Transmutations skill increases to level 1!
Your Fire Magic skill increases to level 1!
Your Ice Magic skill increases to level 1!
Your Air Magic skill increases to level 1!
Your Earth Magic skill increases to level 1!
Your Poison Magic skill increases to level 1!
Something hits you.
* * * LOW HITPOINT WARNING * * *
The orc barely misses you.
You hit the orc. Your bite misses the orc.
The orc is heavily wounded.
The orc closely misses you. Something hits you.
* * * LOW HITPOINT WARNING * * *
The orc hits you with a +0 hand axe.
* * * LOW HITPOINT WARNING * * *
You barely miss the orc.
The orc is heavily wounded.
The orc hits you but does no damage. The orc misses you.
You hear some strange, mumbled words.
A puff of flame appears from out of thin air!
The puff of flame hits you!
You die...

#....##.........#.#.##.##
#...<.........#.#.....#
#.............# ####..#
#.#####.#######.####..# #
#.# #.......# # #.#
#######.# #.##.# #.#
.....##### #.#
#..o@o####### #.#
#.##..{#o......###.#
#............#.....#
####..♣♣♣♣♣♣.#.##### #..♣
∆♣...# #..♣ ##..# #..♣
#.## #.♣ ♣.# #. +.#


You could see 3 orcs.

Vanquished Creatures
  A centaur skeleton (D:3)
  An orc priest (D:3)
  An adder (D:2)
  4 bats
  2 endoplasms
  3 giant cockroaches
  4 goblins
  A hobgoblin (D:1)
  2 kobolds (D:1)
  2 quokkas
  2 ball pythons (D:1)
  3 frilled lizards
  3 rats
29 creatures vanquished.

Notes
Turn   | Place    | Note
-------+----------+-------------------------------------------
     0 | D:1      | Ayyar the Gnoll Warper began the quest for the Orb.
     0 | D:1      | Reached XP level 1. HP: 20/20 MP: 6/6
   367 | D:1      | Reached XP level 2. HP: 18/26 MP: 7/7
  1361 | D:2      | Reached XP level 3. HP: 18/31 MP: 9/9
  1682 | D:2      | Identified the +2 robe "Tinkuteo" {+Inv rC+ Int+4}
  1836 | D:2      | Reached skill level 5 in Spellcasting
  2205 | D:2      | Reached skill level 1 in Invocations
  2379 | D:3      | Reached skill level 1 in Short Blades
  2379 | D:3      | Reached skill level 1 in Long Blades
  2379 | D:3      | Reached skill level 1 in Axes
  2379 | D:3      | Reached skill level 1 in Polearms
  2379 | D:3      | Reached skill level 1 in Staves
  2379 | D:3      | Reached skill level 1 in Slings
  2379 | D:3      | Reached skill level 1 in Bows
  2379 | D:3      | Reached skill level 1 in Crossbows
  2379 | D:3      | Reached skill level 1 in Stealth
  2379 | D:3      | Reached skill level 1 in Shields
  2379 | D:3      | Reached skill level 1 in Unarmed Combat
  2379 | D:3      | Reached skill level 1 in Evocations
  2379 | D:3      | Reached XP level 4. HP: 30/38 MP: 11/11
  2495 | D:3      | Reached skill level 1 in Conjurations
  2495 | D:3      | Reached skill level 1 in Hexes
  2495 | D:3      | Reached skill level 1 in Summonings
  2495 | D:3      | Reached skill level 1 in Necromancy
  2495 | D:3      | Reached skill level 1 in Transmutations
  2495 | D:3      | Reached skill level 1 in Fire Magic
  2495 | D:3      | Reached skill level 1 in Ice Magic
  2495 | D:3      | Reached skill level 1 in Air Magic
  2495 | D:3      | Reached skill level 1 in Earth Magic
  2495 | D:3      | Reached skill level 1 in Poison Magic
  2498 | D:3      | Killed from afar by an orc wizard

Illustrated notes

Levels and vault maps discovered:
D:1:      dpeg_arrival_boxorama, layout_basic, corner_web_ring
D:2:      layout_basic
D:3:      layout_loops_cross, nicolae_overflow_ecumenical_swirl,
          dilly_ecumenical_altar_fadedgnrine

Skill      XL: |  1  2  3  4 |
---------------+-------------+-----
Spellcasting   | 5 |  5.1
Invocations    | 1 |  1.3
Short Blades   | 1 |  1.2
Long Blades    | 1 |  1.2
Axes           | 1 |  1.2
Polearms       | 1 |  1.2
Staves         | 1 |  1.2
Slings         | 1 |  1.2
Bows           | 1 |  1.2
Crossbows      | 1 |  1.2
Stealth        | 1 |  1.2
Shields        | 1 |  1.2
Unarmed Combat | 1 |  1.2
Evocations     | 1 |  1.2
Conjurations   | 1 |  1.0
Hexes          | 1 |  1.0
Summonings     | 1 |  1.0
Necromancy     | 1 |  1.0
Transmutations | 1 |  1.0
Fire Magic     | 1 |  1.0
Ice Magic      | 1 |  1.0
Air Magic      | 1 |  1.0
Earth Magic    | 1 |  1.0
Poison Magic   | 1 |  1.0
Fighting       | |  4.7
Maces & Flails | |  4.7
Throwing       | |  2.8
Armour         | |  2.8
Dodging        | |  4.7
Translocations | |  5.5

Action                   |  1- 3 |  4- 6 || total
-------------------------+-------+-------++-------
Melee: Mace              |   111 |    10 ||   121
       Bite              |     7 |       ||     7
 Stab: Distracted        |     1 |       ||     1
Armor: Leather armour    |    30 |       ||    30
       Robe              |    21 |     3 ||    24
Dodge: Dodged            |    96 |     9 ||   105
